 Dungeon Crawl Stone Soup version 0.29.0-4-gdea44cf6ec (webtiles) character file.

Game seed: 10708266958667621886

2447 qw the Cleaver (level 9, 0/71 HPs)
             Began as a Formicid Cinder Acolyte on Sept 3, 2022.
             Was an Initiate of Ignis.
             Slain by Joseph
             ... wielding a +0 quarterstaff
              (13 damage)
             ... on level 7 of the Dungeon.
             The game lasted 00:03:56 (7939 turns).

qw the Cleaver (Formicid Cinder Acolyte)            Turns: 7939, Time: 00:03:56

Health: 0/71       AC: 11    Str: 23    XL:     9   Next: 78%
Magic:  10/10      EV:  8    Int: 14    God:    Ignis [......]
Gold:   161        SH:  4    Dex:  9    Spells: 10/10 levels left

rFire   + . .      SeeInvis +   Y - +1 executioner's axe (elec)
rCold   . . .      Faith    .   a - +0 buckler
rNeg    . . .      Spirit   .   c - +1 chain mail {Will+}
rPois   .          Reflect  .   (helmet unavailable)
rElec   .          Harm     .   l - +0 cloak
rCorr   .          Rampage  .   (no gloves)
Will    +....                   (no boots)
Stlth   ..........              k - amulet of the acrobat
HPRegen 0.21/turn               (no ring)
MPRegen 0.12/turn               (no ring)

@: no status effects
A: permanent stasis, dig shafts and tunnels, antennae 3, four strong arms
a: Dig, Shaft Self, Renounce Religion, Rising Flame


You were on level 7 of the Dungeon.
You worshipped Ignis.
Ignis was noncommittal.
You visited 1 branch of the dungeon, and saw 7 of its levels.
You also visited: Sewer.

You collected 294 gold pieces.
You spent 133 gold pieces at shops.


Innate Abilities, Weirdness & Mutations

You cannot be hasted, slowed, berserked, paralysed or teleported.
You can dig through walls and to a lower floor.
You have a pair of large antennae on your head. (SInv)
Your four strong arms can wield two-handed weapons with a shield.


   Skills:
 + Level 6.8 Fighting
 - Level 10.0 Axes
 - Level 1.1 Throwing
 - Level 4.1 Armour
 - Level 1.0 Dodging
 - Level 5.0 Shields
 - Level 1.1 Spellcasting
 - Level 3.0 Fire Magic


You had 10 spell levels left.
You didn't know any spells.
Your spell library contained the following spells:

 Spells                   Type           Power      Damage    Failure   Level
 Scorch                   Fire           18%        2d6       71%         2

Inventory:

Hand Weapons
 q - a +0 hand axe of flaming
 Y - a +1 executioner's axe of electrocution (weapon)
Missiles
 o - 6 boomerangs (quivered)
Armour
 a - a +0 buckler (worn)
 c - a +1 chain mail of willpower (worn)
 l - a +0 cloak (worn)
Jewellery
 k - an amulet of the acrobat (around neck)
Scrolls
 b - a scroll of teleportation
 i - a scroll of identify
Potions
 d - a potion of lignification {unknown}
 e - 2 potions of heal wounds
 f - 5 potions of might
 g - a potion of resistance
 h - a potion of haste
 j - 2 potions of curing
 m - a potion of invisibility {unknown}

Dungeon Overview and Level Annotations

Branches:
Dungeon (7/15)             Temple (0/1) D:4           Sewer (visited)

Altars:
Sif Muna
The Shining One

Shops:
D:1 [   D:2 (   D:4 *

Annotations:
D:7 Joseph


Message History

Joseph unwields a +0 quarterstaff.
Joseph wields a +0 sling.
Joseph shoots a sling bullet.
The sling bullet hits you!
The centaur wields a +0 shortbow.
The centaur shoots an arrow.
The arrow barely misses you.
The two-headed ogre moves out of view.
The centaur shoots an arrow.
The arrow barely misses you.
You see here 10 gold pieces.
There is an escape hatch in the floor here.
You barely miss the two-headed ogre.
The two-headed ogre hits you with a +0 giant spiked club!
The two-headed ogre hits you with a +0 giant club!
You slash the two-headed ogre!
The two-headed ogre is lightly wounded.
You slash the centaur!
The centaur unwields a +0 shortbow.
The centaur hits you but does no damage.
The centaur kicks you but does no damage.
The centaur hits you but does no damage.
The centaur barely misses you.
The two-headed ogre hits you but does no damage.
The two-headed ogre hits you with a +0 giant club!!
7937 ||| DRINKING 3 potions of heal wounds.
You feel much better. You block the centaur's attack.
The centaur kicks you but does no damage.
The centaur hits you but does no damage.
The centaur kicks you but does no damage.
You slash the centaur!
You kill the centaur!
You barely miss the two-headed ogre. You block the two-headed ogre's attack.
The two-headed ogre hits you with a +0 giant club!
You barely miss the two-headed ogre.
The two-headed ogre is lightly wounded.
You completely miss Joseph.
Joseph unwields a +0 sling.
Joseph wields a +0 quarterstaff.
Joseph hits you with a +0 quarterstaff! You block the two-headed ogre's attack.
The two-headed ogre hits you with a +0 giant club!
Joseph screams, "I'm going to kill you!
Now!"
Joseph hits you with a +0 quarterstaff!
You die...

##.....#.. ##.........
#.......... #......)...
#.......... #..........
. #########..).......
....##@.$.....#.........
......O@.####.##........
......#.#.....####...###
..... #.#####.# #.#.#
.... #.. #..###.#)###
... ..# ###......... ##
.## ######.##. .. {
##### .# ..


You could see Joseph and a two-headed ogre.

Vanquished Creatures
  Grinder (D:6)
  Menkaure (D:5)
  Edmund (D:6)
  A water moccasin (D:5)
  Duvessa (D:7)
  A black bear (D:6)
  3 ogres
  A centaur (D:7)
  3 phantoms
  Blork the orc (D:6)
  4 scorpions
  Dowan (D:7)
  A howler monkey (D:4)
  A gnoll bouda (D:6)
  3 hounds
  A jelly (D:5)
  5 iguanas
  4 orc wizards
  13 gnolls
  9 adders
  2 river rats (Sewer)
  2 white imps
  2 ufetubi
  A worm (Sewer)
  2 dart slugs (D:2)
  26 orcs
  12 endoplasms
  5 giant cockroaches
  3 goblins
  5 hobgoblins
  4 jackals (D:1)
  14 kobolds
  4 quokkas
  8 ball pythons
  9 bats
  A frilled lizard (D:1)
  19 rats
175 creatures vanquished.

Vanquished Creatures (others)
  A plant (D:3)
1 creature vanquished.

Grand Total: 176 creatures vanquished

Notes
Turn   | Place    | Note
-------+----------+-------------------------------------------
     0 | D:1      | qw the Formicid Cinder Acolyte began the quest for the Orb.
     0 | D:1      | Reached XP level 1. HP: 18/18 MP: 2/2
     0 | D:1      | 0 ||| qw: Version: 0.1-a-102-g441f92d
     0 | D:1      | 0 ||| qw: Game counter: 5198
     0 | D:1      | 0 ||| qw: Always use a shield: true
     0 | D:1      | 0 ||| qw: God list: Okawaru
     0 | D:1      | 0 ||| qw: Allow faded altars: false
     0 | D:1      | 0 ||| qw: Do Orc after D:15 true
     0 | D:1      | 0 ||| qw: Do second Lair branch before Depths: true
     0 | D:1      | 0 ||| qw: Lair rune preference: random
     0 | D:1      | 0 ||| qw: Plans: Normal
     0 | D:1      | 0 ||| PLANNING D:1-11
   268 | D:1      | Reached XP level 2. HP: 24/24 MP: 3/3
   467 | D:1      | Found a faded altar of an unknown god.
   729 | D:1      | Reached skill level 4 in Axes
   729 | D:1      | Reached XP level 3. HP: 29/29 MP: 4/4
   752 | D:1      | Found Jetuack's Armour Emporium.
   754 | D:1      | 754 ||| Stepping ~*~*~tactically~*~*~ (stealth).
   759 | D:1      | 759 ||| INVOKING Fiery Armour.
   884 | D:1      | 884 ||| BUYING +0 leather armour (20 gold).
   884 | D:1      | Bought a +0 leather armour for 20 gold pieces
   884 | D:1      | 884 ||| SHOPLISTING +0 ring mail (40 gold, have 26).
   884 | D:1      | 884 ||| SHOPLISTING +3 chain mail of willpower (265 gold,
                  | have 26).
   884 | D:1      | 884 ||| SHOPLISTING +3 scale mail of poison resistance (230
                  | gold, have 26).
   884 | D:1      | 884 ||| SHOPLISTING scarf of resistance (320 gold, have
                  | 26).
  1130 | D:1      | Reached skill level 1 in Dodging
  1237 | D:1      | 1237 ||| UPGRADING to +0 leather armour.
  1247 | D:1      | 1247 ||| DROPPING +0 robe.
  1248 | D:1      | 1248 ||| READING scroll labelled VUSUIS FAJUSHRI.
  1249 | D:1      | 1249 ||| READING scroll labelled PYKIUB GEACW.
  1250 | D:1      | 1250 ||| READING scroll labelled MOENTA UXTUAG.
  1251 | D:1      | 1251 ||| READING scroll labelled HAJIVU WUITS.
  1252 | D:1      | 1252 ||| READING scroll labelled METITS HIR MYT KIGH.
  1361 | D:2      | Reached XP level 4. HP: 35/35 MP: 5/5
  1423 | D:2      | 1423 ||| Stepping ~*~*~tactically~*~*~ (hiding).
  1609 | D:2      | Found a shimmering blue altar of Sif Muna.
  1665 | D:2      | Found Ofegam's Antique Weapon Emporium.
  1670 | D:2      | 1670 ||| SHOPLISTING war axe (77 gold, have 65).
  1733 | D:2      | 1733 ||| UPGRADING to +0 ring mail.
  1743 | D:2      | 1743 ||| DROPPING +0 leather armour.
  1744 | D:2      | 1744 ||| READING scroll labelled OZOUBE IHIE.
  1745 | D:2      | 1745 ||| READING 2 scrolls labelled IDWILU AZXYRAOJIAN.
  1746 | D:2      | 1746 ||| READING scroll labelled QUEGIBRE BEOTI.
  1747 | D:2      | 1747 ||| Stepping randomly (stuck).
  1748 | D:2      | 1748 ||| Stepping ~*~*~tactically~*~*~ (cloud).
  1756 | D:2      | HP: 8/35 [poisoned by you (poison gas)]
  2034 | D:3      | 2034 ||| PLANNING SEWER
  2034 | D:3      | 2034 ||| STAIRDANCE
  2071 | D:3      | 2071 ||| STAIRDANCE
  2075 | D:2      | 2075 ||| INVOKING Fiery Armour.
  2077 | D:2      | Reached skill level 1 in Armour
  2425 | D:3      | Found a glowing golden altar of the Shining One.
  2570 | D:3      | Found a glowing drain.
  2571 | D:3      | 2571 ||| UPGRADING to +0 buckler.
  2576 | D:3      | 2576 ||| UPGRADING to +0 cloak.
  2581 | D:3      | 2581 ||| UPGRADING to amulet of the acrobat.
  2586 | D:3      | 2586 ||| READING scroll labelled WOYTAEL DIFO.
  2587 | D:3      | 2587 ||| READING 3 scrolls of identify.
  2587 | D:3      | 2587 ||| IDENTIFYING ruby potion
  2588 | D:3      | 2588 ||| READING 2 scrolls of identify.
  2588 | D:3      | 2588 ||| IDENTIFYING glowing amethyst potion
  2589 | D:3      | 2589 ||| DROPPING potion of brilliance.
  2590 | D:3      | 2590 ||| DROPPING potion of degeneration.
  2632 | Sewer    | Entered a sewer
  2635 | Sewer    | 2635 ||| Stepping ~*~*~tactically~*~*~ (stealth).
  2640 | Sewer    | 2640 ||| INVOKING Fiery Armour.
  2641 | Sewer    | Reached skill level 1 in Shields
  2641 | Sewer    | Reached XP level 5. HP: 41/41 MP: 6/6
  2688 | Sewer    | 2688 ||| Stepping ~*~*~tactically~*~*~ (stealth).
  2745 | Sewer    | Reached skill level 5 in Axes
  2748 | Sewer    | 2748 ||| Stepping ~*~*~tactically~*~*~ (stealth).
  3150 | Sewer    | 3150 ||| Stepping ~*~*~tactically~*~*~ (water).
  3249 | Sewer    | 3249 ||| DRINKING 2 smoky cyan potions.
  3277 | D:3      | 3277 ||| PLANNING D:1-11
  3762 | D:4      | 3762 ||| STAIRDANCE
  3800 | D:4      | 3800 ||| INVOKING Fiery Armour.
  3805 | D:4      | Reached XP level 6. HP: 42/47 MP: 7/7
  3812 | D:4      | Reached skill level 6 in Axes
  4036 | D:4      | Found a staircase to the Ecumenical Temple.
  4050 | D:4      | Reached skill level 3 in Shields
  4101 | D:4      | 4101 ||| Stepping ~*~*~tactically~*~*~ (stealth).
  4103 | D:4      | 4103 ||| Stepping ~*~*~tactically~*~*~ (stealth).
  4112 | D:4      | Reached XP level 7. HP: 39/54 MP: 8/8
  4305 | D:4      | 4305 ||| INVOKING Fiery Armour.
  4310 | D:4      | Reached skill level 7 in Axes
  4545 | D:4      | 4545 ||| INVOKING Fiery Armour.
  4787 | D:4      | Found Inatseo's Assorted Antiques.
  4788 | D:4      | 4788 ||| Stepping ~*~*~tactically~*~*~ (hiding).
  4796 | D:4      | 4796 ||| INVOKING Fiery Armour.
  4807 | D:4      | Reached skill level 1 in Throwing
  4953 | D:4      | 4953 ||| BUYING black potion (26 gold).
  4953 | D:4      | Bought a black potion for 26 gold pieces
  4953 | D:4      | 4953 ||| SHOPLISTING encrusted wooden ring (145 gold, have
                  | 122).
  4953 | D:4      | 4953 ||| SHOPLISTING runed orb (348 gold, have 122).
  4953 | D:4      | 4953 ||| BUYING scroll labelled NERHATT ONAG (29 gold).
  4953 | D:4      | Bought a scroll labelled NERHATT ONAG for 29 gold pieces
  4953 | D:4      | 4953 ||| BUYING scroll of identify (58 gold).
  4953 | D:4      | Bought a scroll of identify for 58 gold pieces
  5123 | D:4      | 5123 ||| READING scroll labelled NERHATT ONAG.
  5124 | D:4      | 5124 ||| READING scroll labelled FUGOIMADU.
  5125 | D:4      | 5125 ||| DRINKING 2 black potions.
  5126 | D:4      | 5126 ||| DRINKING 2 fizzy amethyst potions.
  5127 | D:4      | 5127 ||| DRINKING 2 purple potions.
  5128 | D:4      | 5128 ||| READING 4 scrolls of identify.
  5128 | D:4      | 5128 ||| IDENTIFYING grey potion
  5129 | D:4      | 5129 ||| READING 3 scrolls of identify.
  5129 | D:4      | 5129 ||| IDENTIFYING sedimented ruby potion
  5130 | D:4      | 5130 ||| READING 2 scrolls of identify.
  5130 | D:4      | 5130 ||| IDENTIFYING silvery potion
  5131 | D:4      | 5131 ||| DROPPING potion of berserk rage.
  5132 | D:4      | 5132 ||| DROPPING potion of attraction.
  5133 | D:4      | 5133 ||| DROPPING potion of flight.
  5145 | D:5      | Entered Level 5 of the Dungeon
  5146 | D:5      | 5146 ||| STAIRDANCE
  5188 | D:5      | Reached XP level 8. HP: 56/60 MP: 9/9
  5284 | D:5      | 5284 ||| INVOKING Fiery Armour.
  5285 | D:5      | Reached skill level 8 in Axes
  5683 | D:5      | 5683 ||| INVOKING Fiery Armour.
  5872 | D:5      | Noticed Menkaure
  5873 | D:5      | 5873 ||| Stepping ~*~*~tactically~*~*~ (hiding).
  5877 | D:5      | 5877 ||| INVOKING Fiery Armour.
  5884 | D:5      | Killed Menkaure
  5885 | D:5      | Reached skill level 3 in Armour
  5889 | D:5      | HP: 15/62 [orc/+0 trident (5)]
  5890 | D:5      | 5890 ||| DRINKING 2 potions of heal wounds.
  6453 | D:5      | 6453 ||| UPGRADING to +1 chain mail of willpower.
  6463 | D:5      | 6463 ||| DROPPING +0 ring mail.
  6543 | D:6      | 6543 ||| INVOKING Fiery Armour.
  6787 | D:6      | Reached XP level 9. HP: 58/68 MP: 10/10
  6790 | D:6      | Reached skill level 9 in Axes
  6890 | D:6      | 6890 ||| Stepping ~*~*~tactically~*~*~ (stealth).
  6899 | D:6      | Reached skill level 6 in Fighting
  7086 | D:6      | 7086 ||| Stepping ~*~*~tactically~*~*~ (stealth).
  7091 | D:6      | 7091 ||| INVOKING Fiery Armour.
  7092 | D:6      | Noticed Edmund
  7106 | D:6      | Killed Edmund
  7305 | D:6      | Noticed Grinder
  7306 | D:6      | 7306 ||| Stepping ~*~*~tactically~*~*~ (stealth).
  7310 | D:6      | 7310 ||| INVOKING Fiery Armour.
  7333 | D:6      | Killed Grinder
  7337 | D:6      | Reached skill level 10 in Axes
  7618 | D:6      | Noticed Blork the orc
  7627 | D:6      | Killed Blork the orc
  7686 | D:6      | 7686 ||| DROPPING orb of light.
  7687 | D:6      | 7687 ||| READING scroll labelled RUURIM SAAWK.
  7687 | D:6      | Identified a scroll of acquirement
  7687 | D:6      | 7687 ||| ACQUIRING +1 executioner's axe of electrocution
  7687 | D:6      | Acquired a +1 executioner's axe of electrocution
  7689 | D:6      | 7689 ||| SWAPPING to +1 executioner's axe of electrocution.
  7690 | D:6      | 7690 ||| READING scroll labelled DUOSEN KEGRU.
  7771 | D:7      | Noticed Duvessa
  7772 | D:7      | Noticed Dowan
  7773 | D:7      | 7773 ||| Stepping ~*~*~tactically~*~*~ (stealth).
  7775 | D:7      | 7775 ||| Stepping ~*~*~tactically~*~*~ (stealth).
  7782 | D:7      | Killed Duvessa
  7786 | D:7      | 7786 ||| Stepping ~*~*~tactically~*~*~ (hiding).
  7787 | D:7      | 7787 ||| Stepping ~*~*~tactically~*~*~ (hiding).
  7789 | D:7      | 7789 ||| Stepping ~*~*~tactically~*~*~ (hiding).
  7798 | D:7      | Killed Dowan
  7930 | D:7      | Noticed Joseph
  7932 | D:7      | Noticed a two-headed ogre
  7936 | D:7      | HP: 17/71 [two-headed ogre/+0 giant spiked club (25)]
  7937 | D:7      | 7937 ||| DRINKING 3 potions of heal wounds.
  7939 | D:7      | Slain by Joseph

Levels and vault maps discovered:
D:1:      dpeg_arrival_ratfight, layout_loops_corners, serial_shops,
          nicolae_diamond_shop, chequers_ecumenical_altar_simple_redux
D:2:      layout_rooms, basic_altar, serial_shops, shop, grunt_ministairs_14
D:3:      layout_loops_ring, mainiacjoe_overflow_cross_hatched,
          portal_sewer_entry_c, minmay_fountain_box, serial_bayou_pond_c,
          fountainhead, grunt_ministairs_2
D:4:      layout_basic, minmay_temple_entry_offerings, serial_shops, shop
D:5:      layout_rooms, uniq_menkaure
D:6:      layout_cave_pools, fountainhead, uniq_blork_the_orc, uniq_grinder,
          uniq_edmund
D:7:      minmay_skewed_foursquare, layout_rooms, ashenzari_conservatory_becter,
          serial_shops, nicolae_square_shop, uniq_duvessa, uniq_joseph

Skill      XL: |  1  2  3  4  5  6  7  8  9 |
---------------+----------------------------+-----
Axes           | 4 5 6 7 8 10 | 10.0
Dodging        | 1 |  1.0
Armour         | 1 3 4 |  4.1
Shields        | 1 2 3 4 5 |  5.0
Fighting       | 4 5 6 |  6.8
Throwing       | 1 |  1.1
Spellcasting   | |  1.1
Fire Magic     | |  3.0

Action                   |  1- 3 |  4- 6 |  7- 9 || total
-------------------------+-------+-------+-------++-------
Melee: Hand axe          |    87 |   209 |   277 ||   573
       Executioner's axe |       |       |    17 ||    17
Throw: Boomerang         |       |       |    25 ||    25
Invok: Fiery Armour      |     1 |     3 |     9 ||    13
  Use: Scroll            |     5 |     6 |     7 ||    18
       Potion            |       |     1 |     5 ||     6
Armor: Robe              |    17 |       |       ||    17
       Leather armour    |     7 |     1 |       ||     8
       Ring mail         |       |    80 |    71 ||   151
       Chain mail        |       |       |    38 ||    38
Dodge: Dodged            |    48 |   117 |   139 ||   304
Block: Buckler           |       |    23 |    59 ||    82

Table legend:
 A = Non-vault XP
 B = Vault XP
 C = Vault XP percentage of total XP
 D = Non-vault monster count
 E = Vault monster count
 F = Vault count percentage of total count
                 A         B        C        D         E       F
            +---------+---------+-------+---------+---------+-------
      Total |    2430 |    1066 |  30.5 |     130 |      45 |  25.7
            +---------+---------+-------+---------+---------+-------
        D:1 |      41 |       5 |  10.9 |      26 |       5 |  16.1
        D:2 |      51 |      19 |  27.1 |      13 |       8 |  38.1
        D:3 |      37 |       4 |   9.8 |      15 |       4 |  21.1
        D:4 |     713 |       0 |   0.0 |      28 |       0 |   0.0
        D:5 |     599 |     172 |  22.3 |      29 |       1 |   3.3
        D:6 |     838 |     546 |  39.5 |      16 |       3 |  15.8
        D:7 |     151 |     211 |  58.3 |       3 |       2 |  40.0
      Sewer |       0 |     109 | 100.0 |       0 |      22 | 100.0
            +---------+---------+-------+---------+---------+-------
